 Dungeon Crawl Stone Soup version 0.18.1-48-g4cf74bf (webtiles) character file.

69578 Wotyn the Severer (level 14, -6/199 HPs)
             Began as a Minotaur Fighter on July 5, 2016.
             Was the Champion of Makhleb.
             Killed by nerve-wracking pain
             ... invoked by an Executioner
             ... summoned by the player character
              (14 damage)
             ... on level 2 of the Orcish Mines on July 8, 2016.
             The game lasted 02:13:14 (20244 turns).

Wotyn the Severer (Minotaur Fighter)               Turns: 20244, Time: 02:13:15

Health: -6/199     AC: 33    Str: 29    XL:     14   Next: 90%
Magic:  18/18      EV: 10    Int:  5    God:    Makhleb [******]
Gold:   496        SH: 10    Dex: 12    Spells: 2 memorised, 9 levels left

rFire  . . .     SeeInvis +     D - +8 war axe (venom)
rCold  . . .     Gourm    .     O - +3 plate armour
rNeg   . . .     Faith    +     c - +0 shield
rPois  .         Spirit   .     (helmet restricted)
rElec  .         Dismiss  .     B - +2 cloak
rCorr  .         Reflect  .     h - +2 pair of gloves
SustAt .         Harm     .     G - +1 pair of boots
MR     +....                    l - amulet of faith
Stlth  ..........               A - +5 ring of protection
                                v - ring of see invisible

@: berserking, drained, very quick, somewhat resistant to hostile enchantments,
extremely unstealthy
A: retaliatory headbutt, horns 2
a: Minor Destruction, Lesser Servant of Makhleb, Major Destruction, Greater
Servant of Makhleb, Renounce Religion


You were on level 2 of the Orcish Mines.
You worshipped Makhleb.
Makhleb was exalted by your worship.
You were full.

You visited 3 branches of the dungeon, and saw 20 of its levels.

You collected 3151 gold pieces.
You spent 2655 gold pieces at shops.

Inventory:

Hand Weapons
 d - the +0 hunting sling "Xysheb" {speed, Str+3 Int+4 Stlth+}
   (You found it on level 1 of the Orcish Mines)

   Attacks with this weapon are significantly faster.
   It affects your strength (+3).
   It affects your intelligence (+4).
   It makes you more stealthy.
 i - the +8 spear of Eliemn {holy, rF+}
   (You found it on level 7 of the Dungeon)

   It has been blessed by the Shining One to cause great damage to the undead
   and demons.
   It protects you from fire.
 p - the +0 Sword of Power
   (You found it on level 1 of the Orcish Mines)
 z - the +3 scimitar of the Scavenger {venom, MR+}
   (You found it on level 1 of the Orcish Mines)

   It poisons the flesh of those it strikes.
   It affects your resistance to hostile enchantments.
 C - a +0 war axe of flaming
 D - a +8 war axe of venom (weapon)
 E - a +0 battleaxe of freezing
 I - the +8 frozen axe "Frostbite" {freezing cloud, *Noise +Fly rC+}
   (You bought it in a shop on level 2 of the Orcish Mines)

   It has been specially enchanted to freeze those struck by it, causing extra
   injury to most foes and up to half again as much damage against particularly
   susceptible opponents.
   It can also slow down cold-blooded creatures.
   It protects you from cold.
   It lets you fly.
   It may make noises in combat.
 Q - the +1 flail "Nugor" {freeze, rElec}
   (You found it on level 5 of the Lair of Beasts)

   It has been specially enchanted to freeze those struck by it, causing extra
   injury to most foes and up to half again as much damage against particularly
   susceptible opponents.
   It can also slow down cold-blooded creatures.
   It insulates you from electricity.
 S - a +2 battleaxe of venom
 X - the +7 dire flail of Resourcefulness {elec, MR- Dex+6}
   (You bought it in a shop on level 9 of the Dungeon)

   Occasionally, upon striking a foe, it will discharge some electrical energy
   and cause terrible harm.
   It affects your dexterity (+6).
   It affects your resistance to hostile enchantments.
 Y - the +8 war axe of Gozag {flame, rC+ MR++}
   (You found it on level 1 of the Orcish Mines)

   It has been specially enchanted to burn those struck by it, causing extra
   injury to most foes and up to half again as much damage against particularly
   susceptible opponents.
   Big, fiery blades are also staple armaments of hydra-hunters.
   It protects you from cold.
   It affects your resistance to hostile enchantments.
Armour
 c - a +0 shield (worn)
 h - a +2 pair of gloves (worn)
 n - the +4 leather armour of Vuschyo {rElec MR+ Str-2 Int+2}
   (You found it on level 4 of the Dungeon)

   It affects your strength (-2).
   It affects your intelligence (+2).
   It insulates you from electricity.
   It affects your resistance to hostile enchantments.
 B - a +2 cloak (worn)
 G - a +1 pair of boots (worn)
 K - a +0 troll leather armour {Snorg}
 O - a +3 plate armour (worn)
Jewellery
 a - a +3 ring of intelligence
 l - an amulet of faith (around neck)
 q - a cursed ring of teleportation
 v - a ring of see invisible (left hand)
 A - a +5 ring of protection (right hand)
 W - an uncursed ring of sustain attributes
Wands
 g - a wand of flame (24/48)
 k - a wand of enslavement (15/24)
 t - a wand of enslavement (4/24)
 x - a wand of flame (18/48)
 y - a wand of acid (11/15)
 P - a wand of digging (4/24)
Scrolls
 e - 7 scrolls of remove curse
 o - 2 scrolls of recharging
 r - 3 scrolls of teleportation
 u - 3 scrolls of fog
 L - a scroll of amnesia
 R - 3 scrolls of identify
Potions
 f - 6 potions of curing
 m - 2 potions of brilliance
 s - 4 potions of flight
 Z - a potion of magic
Books
 b - a book of Death

   Spells                             Type                      Level
   a - Corpse Rot                     Necromancy                   2
   b - Sublimation of Blood           Necromancy                   2
   c - Agony                          Necromancy                   5
   d - Dispel Undead                  Necromancy                   5
   e - Excruciating Wounds            Charms/Necromancy            5
   f - Bolt of Draining               Conjuration/Necromancy       5
 H - a book of Fire

   Spells                             Type                      Level
   a - Ignite Poison                  Fire/Transmutation/Poison    3
   b - Fireball                       Conjuration/Fire             5
   c - Bolt of Fire                   Conjuration/Fire             6
   d - Delayed Fireball               Conjuration/Fire             7
   e - Ring of Flames                 Charms/Fire                  7
 M - a book of Minor Magic

   Spells                             Type                      Level
   a - Magic Dart                     Conjuration                  1
   b - Blink                          Translocation                2
   c - Call Imp                       Summoning                    2
   d - Repel Missiles                 Charms/Air                   2
   e - Slow                           Hexes                        2
   f - Conjure Flame                  Conjuration/Fire             3
   g - Mephitic Cloud                 Conjuration/Poison/Air       3
 N - a book of Conjurations

   Spells                             Type                      Level
   a - Magic Dart                     Conjuration                  1
   b - Searing Ray                    Conjuration                  2
   c - Dazzling Spray                 Conjuration/Hexes            3
   d - Fulminant Prism                Conjuration/Hexes            4
   e - Iskenderun's Mystic Blast      Conjuration                  4
   f - Iskenderun's Battlesphere      Conjuration/Charms           5
 T - a book of Flames

   Spells                             Type                      Level
   a - Flame Tongue                   Conjuration/Fire             1
   b - Throw Flame                    Conjuration/Fire             2
   c - Conjure Flame                  Conjuration/Fire             3
   d - Inner Flame                    Hexes/Fire                   3
   e - Sticky Flame                   Conjuration/Fire             4
   f - Fireball                       Conjuration/Fire             5
Miscellaneous
 j - a box of beasts
 F - a stone of tremors
Comestibles
 J - 2 bread rations


   Skills:
 * Level 14.9(14.2) Fighting
 + Level 16.5(15.8) Axes
 * Level 14.2(13.5) Armour
 + Level 10.7(10.1) Dodging
 + Level 5.3(4.7) Shields
 + Level 7.6(7.0) Invocations
 + Level 6.0(5.4) Evocations


You had 9 spell levels left.
You knew the following spells:

 Your Spells              Type           Power        Failure   Level  Hunger
a - Blink                 Tloc           N/A          100%        2    ###....
b - Repel Missiles        Chrm/Air       #.....       100%        2    ###....


Dungeon Overview and Level Annotations

Branches:
Dungeon (10/15)            Temple (0/1) D:4            Lair (8/8) D:9
 Shoals (0/4) Lair:4        Snake (0/4) Lair:6        Slime (0/6) Lair:7
    Orc (2/2) D:9             Elf (0/3) Orc:2

Altars:
Cheibriados
Dithmenos
Elyvilon
Gozag
Kikubaaqudgha
Makhleb
Nemelex Xobeh
Okawaru
Pakellas
Qazlal
Ru
Trog
Vehumet
Xom
Beogh

Shops:
D:9 ![(*?   Orc:2 ([*(?

Annotations:
Orc:2 Saint Roka


Innate Abilities, Weirdness & Mutations

You reflexively headbutt those who attack you in melee.
You have a pair of horns on your head.


Message History

Items here: )))) [[[[ ††† The orc sorcerer no longer looks unusually strong.
You block the Executioner's attack.
The Executioner hits you but does no damage.
You block the Executioner's attack. The Executioner hits you.
* * * LOW HITPOINT WARNING * * *
The Executioner hits you but does no damage. x2
The orc warlord roars a battlecry!
Read which item? (? for menu, Esc to quit)
Okay, then.
Drink which item? (? for menu, Esc to quit)
A red film seems to cover your vision as you go berserk!
You feel yourself moving faster!
You feel mighty!
The orc warrior no longer looks unusually strong.
The Executioner hits you but does no damage.
You block the Executioner's attack.
The Executioner hits you but does no damage.
The Executioner gestures at you. Pain shoots through your body!
You die...

#.#####...#####..)
#.#...#...#...#.#)
#.#...'...'...#...
#.#...#)..#...#...
#.#####.8.#####...
#.#...#)..#...#...
#.#...'...'...#...
#.#...#...#...#...
#@#####...#####...
#1## #8...8# ##...
#3.###.....###...#
##...##)''##.....#
##..).oo)o).##.##
##.##o.8)8.###...#
##.####....#.###..#
##.##
###[.....##...
##.##
##.[).....###.#


You could see an Executioner, a sun demon and an orc warrior.

Vanquished Creatures
  An acid blob (Lair:7)
  A stone giant (Orc:1)
  Snorg (Lair:6)
  A fire dragon (Lair:8)
  8 hydras
  A catoblepas (Lair:7)
  6 death yaks
  The ghost of kobby the Covert, a journeyman VSAs of Makhleb (Lair:2)
  Nergalle (Lair:2)
  A swamp dragon (Lair:7)
  A lindwurm (Lair:8)
  10 hill giants (Orc:1)
  2 orc sorcerers
  3 cyclopes (Orc:1)
  A griffon (Lair:6)
  4 black mambas
  18 elephants
  A siren (Lair:4)
  6 torpor snails
  18 spiny frogs
  2 rime drakes
  7 komodo dragons
  3 trolls
  A polar bear (Lair:8)
  3 two-headed ogres
  3 giant leeches (Lair:8)
  19 blink frogs
  2 nagas (Lair:6)
  21 yaks
  2 basilisks
  2 wyverns (Lair:7)
  14 hippogriffs
  A hungry ghost (D:9)
  9 wargs
  A steam dragon (Lair:6)
  2 swamp worms
  21 water moccasins
  10 porcupines
  A swamp drake (Lair:7)
  2 ice beasts
  4 wasps (Lair:8)
  3 sky beasts
  3 black bears
  25 orc warriors
  9 ogres
  5 phantoms
  11 wolves
  3 centaurs
  14 crocodiles
  2 big kobolds
  11 giant frogs
  2 troll zombies (D:9)
  A scorpion (D:8)
  6 killer bees (D:9)
  A howler monkey (D:9)
  A wasp zombie (D:6)
  2 crimson imps
  14 orc priests
  3 hounds
  2 jellies
  25 orc wizards
  A centaur skeleton (D:5)
  16 iguanas
  8 worker ants
  A killer bee zombie (D:8)
  14 sheep
  6 ogre zombies (D:9)
  A howler monkey zombie (D:8)
  A worker ant zombie (D:7)
  3 gnolls (D:9)
  A howler monkey skeleton (D:7)
  6 adders
  60 river rats
  A shadow imp (D:9)
  3 oozes (Lair:7)
  An adder zombie (D:5)
  2 adder skeletons
  23 worms
  2 dart slugs (D:3)
  6 giant geckos
  73 orcs
  7 bats
  9 giant cockroaches
  5 goblins
  8 hobgoblins
  36 kobolds
  4 quokkas
  2 giant gecko skeletons
  6 giant newts
  A goblin skeleton (D:9)
  2 goblin zombies (D:9)
  2 hobgoblin skeletons (D:9)
  4 hobgoblin zombies (D:9)
  A jackal skeleton (D:6)
  3 orc skeletons (D:9)
  13 orc zombies (D:9)
  A quokka skeleton (D:4)
  6 rats
  A bush (Lair:7)
  5 fungi
  9 plants
713 creatures vanquished.

Vanquished Creatures (collateral kills)
  Harold (Lair:4)
  2 ogre magi (Orc:1)
  A death yak (Lair:7)
  2 hill giants (Orc:1)
  An orc knight (Orc:2)
  An elephant (Lair:8)
  A black mamba (Lair:8)
  A spiny frog (Lair:1)
  A rime drake (Lair:8)
  A two-headed ogre (Orc:1)
  2 wargs
  A naga (Lair:6)
  2 orc warriors
  2 ogres (Orc:1)
  A wolf (Orc:1)
  An orc priest (Orc:2)
  An orc wizard (Orc:2)
  6 orcs (Orc:2)
28 creatures vanquished.

Vanquished Creatures (others)
  A swamp dragon (Lair:7)
  A rat (D:2)
  9 fungi
  17 plants
28 creatures vanquished.

Grand Total: 769 creatures vanquished

Notes
Turn   | Place    | Note
--------------------------------------------------------------
     0 | D:1      | Wotyn the Minotaur Fighter began the quest for the Orb.
     0 | D:1      | Reached XP level 1. HP: 19/19 MP: 0/0
   230 | D:1      | Reached XP level 2. HP: 24/27 MP: 1/1
   622 | D:2      | Reached skill level 1 in Dodging
   622 | D:2      | Reached XP level 3. HP: 31/34 MP: 2/2
   683 | D:2      | Found a radiant altar of Vehumet.
   933 | D:2      | Reached skill level 3 in Axes
  1007 | D:2      | Reached XP level 4. HP: 38/41 MP: 3/3
  1196 | D:3      | Found a burning altar of Makhleb.
  1209 | D:3      | Became a worshipper of Makhleb the Destroyer
  1211 | D:3      | Gained mutation: You regenerate slowly when monsters are visible. [potion of mutation]
  1211 | D:3      | Gained mutation: Your movements are slightly less encumbered by armour (ER -2). [potion of mutation]
  1211 | D:3      | Gained mutation: Your flesh is cold resistant. [potion of mutation]
  1329 | D:3      | Gained mutation: You have large cloven feet. [potion of mutation]
  1329 | D:3      | Lost mutation: You regenerate slowly when monsters are visible. [potion of mutation]
  1402 | D:3      | Found a shimmering altar of Xom.
  1584 | D:3      | Reached * piety under Makhleb
  1743 | D:3      | Reached XP level 5. HP: 46/47 MP: 4/4
  1784 | D:3      | Lost mutation: Your flesh is cold resistant. [potion of cure mutation]
  1784 | D:3      | Lost mutation: You have large cloven feet. [potion of cure mutation]
  1784 | D:3      | Lost mutation: Your movements are slightly less encumbered by armour (ER -2). [potion of cure mutation]
  1909 | D:4      | Reached skill level 4 in Axes
  1961 | D:4      | Noticed a phantom
  1984 | D:4      | Reached skill level 5 in Armour
  1995 | D:4      | Killed a phantom
  1995 | D:4      | Reached skill level 5 in Fighting
  1995 | D:4      | Reached skill level 5 in Axes
  1995 | D:4      | Reached XP level 6. HP: 35/56 MP: 5/5
  1999 | D:4      | Got an ancient leather armour
  2000 | D:4      | Identified the +4 leather armour of Vuschyo {rElec MR+ Str-2 Int+2} (You found it on level 4 of the Dungeon)
  2038 | D:4      | Found a staircase to the Ecumenical Temple.
  2111 | D:4      | Reached ** piety under Makhleb
  2172 | D:4      | Gained mutation: You are robust (+10% HP). [potion of beneficial mutation]
  2202 | D:4      | Reached skill level 6 in Axes
  2786 | D:5      | Entered Level 5 of the Dungeon
  2799 | D:5      | Noticed a sky beast
  2810 | D:5      | Killed a sky beast
  2810 | D:5      | Reached XP level 7. HP: 67/67 MP: 6/6
  3026 | D:5      | Found a sacrificial altar of Ru.
  3036 | D:5      | Reached skill level 7 in Axes
  3115 | D:5      | Found a bloodstained altar of Trog.
  3191 | D:5      | Found an iron altar of Okawaru.
  3198 | D:5      | Found an opulent altar of Gozag.
  3198 | D:5      | Found a sacrificial altar of Ru.
  3199 | D:5      | Found a white marble altar of Elyvilon.
  3201 | D:5      | Found an ancient bone altar of Kikubaaqudgha.
  3203 | D:5      | Found a stormy altar of Qazlal.
  3476 | D:6      | Found a shadowy altar of Dithmenos.
  3498 | D:6      | Reached *** piety under Makhleb
  3498 | D:6      | Reached XP level 8. HP: 37/75 MP: 7/7
  3513 | D:6      | Found an oddly glowing altar of Pakellas.
  3546 | D:6      | Reached skill level 8 in Axes
  3980 | D:7      | Got a dazzling spear
  3987 | D:7      | Identified the +8 spear of Eliemn {holy, rF+} (You found it on level 7 of the Dungeon)
  4098 | D:7      | Found a sparkling altar of Nemelex Xobeh.
  4111 | D:7      | Reached skill level 5 in Dodging
  4119 | D:7      | Reached skill level 9 in Axes
  4171 | D:7      | Found a snail-covered altar of Cheibriados.
  4662 | D:8      | Noticed a two-headed ogre
  4670 | D:8      | Killed a two-headed ogre
  4739 | D:8      | Reached XP level 9. HP: 85/85 MP: 8/8
  4787 | D:8      | Reached **** piety under Makhleb
  4900 | D:8      | Reached skill level 10 in Axes
  5806 | D:9      | Found Uskofad's General Store.
  5856 | D:9      | Noticed an orange demon
  5857 | D:9      | Noticed a smoke demon
  5879 | D:10     | Entered Level 10 of the Dungeon
  5895 | D:9      | Found a staircase to the Orcish Mines.
  5922 | D:9      | Found Hajijad's Magic Scroll Emporium.
  5942 | D:9      | Reached skill level 11 in Axes
  5945 | D:9      | Reached skill level 1 in Invocations
  6082 | D:9      | Reached ***** piety under Makhleb
  6167 | D:9      | Found Zym Qatofocs's Distillery.
  6193 | D:9      | Bought a potion of berserk rage for 60 gold pieces
  6193 | D:9      | Bought a potion of mutation for 30 gold pieces
  6193 | D:9      | Bought a potion of curing for 36 gold pieces
  6193 | D:9      | Gained mutation: You are clumsy. (Dex -2) [potion of mutation]
  6193 | D:9      | Gained mutation: You have sharp toenails. [potion of mutation]
  6291 | D:9      | Noticed an elephant
  6312 | D:9      | Noticed a smoke demon
  6500 | D:9      | Reached XP level 10. HP: 94/94 MP: 9/9
  6672 | D:9      | Reached skill level 1 in Evocations
  6773 | D:9      | Killed an elephant
  6785 | D:9      | Reached skill level 12 in Axes
  6825 | D:9      | Found a staircase to the Lair.
  6829 | D:9      | Found Rotan's Antique Armour Shoppe.
  6837 | D:9      | Bought a runed cloak for 94 gold pieces
  6848 | D:9      | Found Orefod's Antique Weapon Boutique.
  6851 | D:9      | Bought a runed war axe for 105 gold pieces
  6851 | D:9      | Bought a glowing war axe for 105 gold pieces
  7280 | Lair:1   | Entered Level 1 of the Lair of Beasts
  7326 | Lair:1   | Noticed a spiny frog
  7340 | Lair:1   | Killed a spiny frog
  7374 | Lair:1   | Reached ****** piety under Makhleb
  7517 | Lair:1   | Noticed a spiny frog
  7518 | Lair:1   | Noticed a spiny frog
  7538 | Lair:1   | Killed a spiny frog
  7557 | Lair:1   | Killed a spiny frog
  7557 | Lair:1   | Reached XP level 11. HP: 18/104 MP: 12/12
  7573 | D:9      | Reached skill level 13 in Axes
  8338 | Lair:1   | Gained mutation: Your magical capacity is low (-10% MP). [potion of mutation]
  8338 | Lair:1   | Gained mutation: You occasionally shout uncontrollably at your foes. [potion of mutation]
  8675 | Lair:2   | Noticed Nergalle
  8907 | Lair:2   | Killed Nergalle
  9302 | Lair:2   | Noticed kobby's ghost (journeyman VSAs)
  9311 | Lair:2   | Noticed a green death
  9775 | Lair:2   | Identified a +0 rod of shadows (10/10) (You found it on level 2 of the Lair of Beasts)
  9918 | Lair:3   | Reached skill level 14 in Axes
 10363 | Lair:3   | Noticed a five-headed hydra
 10370 | Lair:3   | Killed a one-headed hydra
 10726 | Lair:4   | Reached XP level 12. HP: 98/114 MP: 13/13
 10785 | Lair:4   | Found a staircase to the Shoals.
 10855 | Lair:4   | Noticed Harold
 10859 | Lair:4   | Noticed a seven-headed hydra
 10868 | Lair:4   | Killed Harold
 10868 | Lair:4   | Reached skill level 5 in Invocations
 10880 | Lair:4   | Reached skill level 10 in Dodging
 10899 | Lair:4   | Killed a four-headed hydra
 11418 | Lair:4   | Reached skill level 10 in Armour
 11854 | Lair:4   | Noticed an Executioner
 11865 | Lair:5   | Reached skill level 15 in Axes
 12028 | Lair:5   | Got a brightly glowing flail
 12034 | Lair:5   | Identified the +1 flail "Nugor" {freeze, rElec} (You found it on level 5 of the Lair of Beasts)
 12199 | Lair:5   | Reached skill level 10 in Fighting
 12484 | Lair:5   | Noticed a five-headed hydra
 12489 | Lair:5   | Reached skill level 5 in Evocations
 12497 | Lair:5   | Killed a one-headed hydra
 13135 | Lair:6   | Found a staircase to the Snake Pit.
 13399 | Lair:6   | Noticed an eight-headed hydra
 13418 | Lair:6   | Killed a two-headed hydra
 13418 | Lair:6   | Reached XP level 13. HP: 116/124 MP: 14/14
 13619 | Lair:6   | Noticed Snorg
 13638 | Lair:6   | Killed Snorg
 13638 | Lair:6   | Reached skill level 16 in Axes
 14417 | Lair:7   | Noticed a blizzard demon
 15175 | Lair:7   | Noticed an acid blob
 15263 | Lair:7   | Found a staircase to the Slime Pits.
 15526 | Lair:7   | Killed an acid blob
 16467 | Lair:8   | Entered Level 8 of the Lair of Beasts
 16918 | Lair:8   | Reached XP level 14. HP: 138/138 MP: 16/16
 17056 | Lair:8   | Lost mutation: You have sharp toenails. [potion of cure mutation]
 17056 | Lair:8   | Lost mutation: You are clumsy. (Dex -2) [potion of cure mutation]
 17056 | Lair:8   | Lost mutation: Your magical capacity is low (-10% MP). [potion of cure mutation]
 17057 | Lair:8   | Lost mutation: You occasionally shout uncontrollably at your foes. [potion of cure mutation]
 17057 | Lair:8   | Lost mutation: You are robust (+10% HP). [potion of cure mutation]
 17253 | Lair:8   | Found a runed door.
 17796 | Lair:2   | Killed kobby's ghost
 17939 | D:9      | Bought a potion of berserk rage for 60 gold pieces
 17973 | D:9      | Bought an encrusted dire flail for 270 gold pieces
 17979 | D:9      | Bought a shiny chain mail for 94 gold pieces
 17985 | D:9      | Identified the +7 dire flail of Resourcefulness {elec, MR- Dex+6} (You bought it in a shop on level 9 of the Dungeon)
 18047 | Orc:1    | Entered Level 1 of the Orcish Mines
 18908 | Orc:1    | Reached skill level 5 in Shields
 18980 | Orc:1    | Noticed a stone giant
 19002 | Orc:1    | Killed a stone giant
 19084 | Orc:1    | Got a slimy war axe
 19107 | Orc:1    | Got a bloodstained hunting sling
 19113 | Orc:1    | Got a crystal scimitar
 19116 | Orc:1    | Identified the cursed +0 hunting sling "Xysheb" {speed, Str+3 Int+4 Stlth+} (You found it on level 1 of the Orcish Mines)
 19118 | Orc:1    | Identified the +3 scimitar of the Scavenger {venom, MR+} (You found it on level 1 of the Orcish Mines)
 19119 | Orc:1    | Identified the +8 war axe of Gozag {flame, rC+ MR++} (You found it on level 1 of the Orcish Mines)
 19128 | Orc:1    | Learned a level 2 spell: Blink
 19131 | Orc:1    | Learned a level 2 spell: Repel Missiles
 19290 | Orc:2    | Entered Level 2 of the Orcish Mines
 19340 | Orc:2    | Found a roughly hewn altar of Beogh.
 19411 | Orc:2    | Found Sizevyi's Magic Scroll Boutique.
 19419 | Orc:2    | Bought a scroll of enchant armour for 97 gold pieces
 19419 | Orc:2    | Bought a scroll of identify for 26 gold pieces
 19475 | Orc:2    | Found a roughly hewn altar of Beogh.
 19520 | Orc:2    | Found a staircase to the Elven Halls.
 19622 | Orc:2    | Found a roughly hewn altar of Beogh.
 19634 | Orc:2    | Found Daikorch's General Store.
 19657 | Orc:2    | Bought a bread ration for 55 gold pieces
 19705 | Orc:2    | Noticed Saint Roka
 19714 | Orc:2    | Noticed a cacodemon
 19987 | Orc:2    | Found a roughly hewn altar of Beogh.
 19998 | Orc:2    | Found Qiytur's Weapon Emporium.
 20152 | Orc:2    | Found Deasureh's Antique Armour Emporium.
 20153 | Orc:2    | Found a roughly hewn altar of Beogh.
 20158 | Orc:2    | Found Alleruk's Antique Weapon Shoppe.
 20175 | Orc:2    | Bought the +8 frozen axe "Frostbite" {freezing cloud, *Noise +Fly rC+} for 1623 gold pieces
 20231 | Orc:2    | Noticed an orc warlord
 20232 | Orc:2    | Noticed an Executioner
 20243 | Orc:2    | HP: 5/133 [Executioner[the player character] (2)]
 20244 | Orc:2    | Killed from afar by an Executioner

Skill      XL: |  1  2  3  4  5  6  7  8  9 10 11 12 13 14 |
---------------+-------------------------------------------+-----
Fighting       | 4 5 6 7 8 9 10 12 14 | 14.9
Armour         | 4 5 6 7 8 9 10 12 14 | 14.2
Dodging        | 1 2 3 4 5 7 8 9 10 | 10.7
Axes           | 3 5 6 7 9 11 12 14 15 16 | 16.5
Invocations    | 1 3 4 6 7 |  7.6
Evocations     | 2 4 5 6 |  6.0
Shields        | 5 |  5.3

Action                   |  1- 3 |  4- 6 |  7- 9 | 10-12 | 13-15 || total
-------------------------+-------+-------+-------+-------+-------++-------
Melee: War axe           |    86 |   171 |   339 |   767 |   768 ||  2131
       Headbutt          |    10 |    29 |    54 |   150 |   182 ||   425
       Kick              |       |     7 |    10 |   248 |    88 ||   353
Invok: Lesser Servant of |       |       |     4 |     5 |     4 ||    13
       Greater Servant o |       |       |       |     2 |    10 ||    12
Evoke: Wand              |       |       |     3 |     8 |    11 ||    22
  Use: Potion            |       |     8 |     9 |     6 |     6 ||    29
       Scroll            |       |     8 |    14 |    11 |     9 ||    42
 Stab: Distracted        |       |       |       |     1 |     1 ||     2
  Eat: Bread ration      |       |     1 |     1 |     2 |     2 ||     6
       Pizza             |       |     2 |       |       |     2 ||     4
       Meat ration       |       |       |     2 |     3 |     1 ||     6
       Beef jerky        |       |       |     1 |     2 |     2 ||     5
       Chunk             |       |       |       |     1 |     2 ||     3
       Fruit             |       |       |       |       |     6 ||     6
Armor: Scale mail        |    42 |    39 |       |       |       ||    81
       Leather armour    |       |    19 |   114 |   190 |       ||   323
       Plate armour      |       |       |       |   100 |   356 ||   456
Dodge: Dodged            |    29 |    45 |   140 |   290 |   178 ||   682
Block: Shield            |    46 |    68 |   166 |   295 |   258 ||   833
